 Dungeon Crawl Stone Soup version 0.31-a0-237-g2d982f9f85 (webtiles) character file.

Game seed: 9867797237013808018

2587 Iniera the Cleaver (level 9, 0/69 (71) HPs)
             Began as a Vampire Gladiator on July 12, 2023.
             Slain by a wight
             ... wielding a +0 trident
              (7 damage)
             ... on level 7 of the Dungeon.
             The game lasted 00:09:22 (5187 turns).

Iniera the Cleaver (Vampire Gladiator)              Turns: 5187, Time: 00:09:23

HP:   0/69 (71)     AC: 14    Str: 17    XL:     9   Next: 32%
MP:   9/9           EV:  5    Int: 11    God:
Gold: 306           SH:  0    Dex: 15    Spells: 8/8 levels left

rFire   + . .        r - +2 war axe (heavy)
rCold   . . .        (no shield)
rNeg    . . .        y - +0 plate armour
rPois   .            c - +2 helmet
rElec   .            (no cloak)
rCorr   .            (no gloves)
SInv    +            g - +0 pair of boots
Will    .....        (no amulet) Stlth
                     l - ring of protection from fire
HPRegen 0.51/turn    (no ring)
MPRegen 0.11/turn

%: no passive effects
@: healing quickly, lightly drained
A: alive, fangs 3, see invisible, vampiric 2
a: Exsanguinate


You were on level 7 of the Dungeon.
You visited 1 branch of the dungeon, and saw 7 of its levels.

You collected 306 gold pieces.

Inventory:

Hand Weapons
 r - a +2 heavy war axe (weapon)
Missiles
 d - 3 throwing nets (quivered)
 e - a javelin
Armour
 c - a +2 helmet (worn)
 g - a +0 pair of boots (worn)
 y - a +0 plate armour (worn)
Jewellery
 l - a ring of protection from fire (left hand)
 x - a ring of resist corrosion
Wands
 q - a wand of quicksilver (1)
 v - a wand of digging (6)
Scrolls
 n - 2 scrolls of teleportation
 o - a scroll of fear
 p - a scroll of fog
 u - 3 scrolls of enchant weapon
Potions
 a - a potion of cancellation
 b - a potion of haste {unknown}
 f - 3 potions of heal wounds
 h - a potion of lignification
 i - 4 potions of curing {unknown}
 j - 2 potions of mutation {unknown}
 k - a potion of brilliance
 m - 5 potions of ambrosia {unknown}
 s - a potion of degeneration {unknown}
 t - 2 potions of might {unknown}
 w - a potion of enlightenment {unknown}


   Skills:
 + Level 6.9 Fighting
 * Level 9.9 Axes
 - Level 2.0 Throwing
 - Level 3.2 Dodging


You had 8 spell levels left.
You didn't know any spells.
Your spell library contained the following spells:

 Spells                   Type           Power      Damage    Failure   Level
 Beastly Appendage        Tmut           0%         N/A       100%        1
 Wereblood                Tmut           0%         N/A       100%        2
 Spider Form              Tmut/Pois      0%         N/A       100%        3


Dungeon Overview and Level Annotations

Branches:
Dungeon (7/15)
 Temple: D:4-7

Altars:
Ashenzari
Fedhas
Nemelex Xobeh
Okawaru
Qazlal
Yredelemnul

Shops:
D:7 (*=:[


Innate Abilities, Weirdness & Mutations

Your natural rate of healing is accelerated.
You have razor-sharp teeth.
You have supernaturally acute eyesight. (SInv)
You are afflicted with vampirism and can become a bat while bloodless.


Message History

You barely miss the wight. The wight barely misses you.
The wight hits you with a +0 halberd.
The wight hits you from afar with a +0 trident.
The wight hits you with a +0 halberd.
You closely miss the wight. You bite the wight.
The wight is lightly damaged.
The wight hits you but does no damage. The wight hits you with a +0 halberd.
The wight hits you with a +0 trident.
You feel drained. The wight hits you but does no damage.
A sky beast comes into view.
You barely miss the wight.
The wight is lightly damaged.
You barely miss the ogre. You hit the wight but do no damage.
The wight barely misses you. The wight hits you but does no damage.
The ogre hits you with a +0 giant club!
The wight hits you but does no damage. x2
You hit the wight. You bite the wight.
The wight is heavily damaged.
You hit the ogre. You slash the wight! The ogre hits you with a +0 giant club!
The wight hits you with a +0 halberd. The wight hits you with a +0 trident.
You slash the wight!
You destroy the wight!
You hit the ogre but do no damage. You hit the wight but do no damage.
The wight hits you with a +0 trident. The ogre hits you with a +0 giant club!
The wight hits you with a +0 trident.
You feel drained.
The sky beast flickers out of sight for a moment.
The ogre barely misses you.
The sky beast hits you but does no damage.
The wight closely misses you.
Things that are here:
a +0 halberd; a +0 robe You slash the ogre!
The ogre is heavily wounded.
You hit the sky beast. You hit the wight. The sky beast barely misses you.
The wight hits you but does no damage. The ogre hits you with a +0 giant club!
* * * LOW HITPOINT WARNING * * *
You closely miss the ogre.
The ogre is heavily wounded.
You slash the sky beast! You hit the wight.
The wight hits you with a +0 trident!
You die...

..........#
#.........#
#.........#
#....#.))##
#...##...## #
#.........##.##..
##..#..##........
.. ##..).#...##.
. #z@O##..##
#.....Y# ...
#.......# .##.
##..##.... . #
#.# ###..#.. ..
.... .∩^ .....
... ....


You could see a sky beast (invisible), an ogre and a wight.

Vanquished Creatures
  Sigmund (D:6)
  A water moccasin (D:7)
  An orc warrior (D:6)
  2 sky beasts
  3 ice beasts
  2 ogres
  A centaur (D:6)
  Blork the orc (D:4)
  4 scorpions
  9 wights
  A howler monkey (D:6)
  5 hounds
  A jelly (D:6)
  An orc priest (D:7)
  Ijyb (D:3)
  2 sleepcaps (D:5)
  2 iguanas
  Natasha (twice) (D:4)
  3 orc wizards
  4 gnolls
  14 adders
  A shadow imp (D:7)
  3 ufetubi
  15 orcs
  3 ball pythons
  4 endoplasms
  3 giant cockroaches
  7 goblins
  7 hobgoblins
  2 jackals (D:3)
  3 quokkas
  8 bats
  4 frilled lizards
  9 kobolds
  5 rats
135 creatures vanquished.

Notes
Turn   | Place    | Note
-------+----------+-------------------------------------------
     0 | D:1      | Iniera the Vampire Gladiator began the quest for the Orb.
     0 | D:1      | Reached XP level 1. HP: 16/16 MP: 1/1
   258 | D:1      | Reached skill level 3 in Axes
   258 | D:1      | Reached XP level 2. HP: 22/22 MP: 2/2
   980 | D:2      | Gained mutation: You are afflicted with vampirism and can
                  | become a bat while bloodless. [Vampire growth]
   980 | D:2      | Reached XP level 3. HP: 25/27 MP: 3/3
  1303 | D:2      | Reached skill level 4 in Axes
  1303 | D:2      | Reached XP level 4. HP: 31/34 MP: 4/4
  1881 | D:3      | Noticed Ijyb
  1893 | D:3      | Killed Ijyb
  2001 | D:3      | Reached XP level 5. HP: 41/41 MP: 5/5
  2354 | D:4      | Noticed Natasha
  2360 | D:4      | Killed Natasha
  2432 | D:4      | Found a blossoming altar of Fedhas.
  2472 | D:4      | Found a basalt altar of Yredelemnul.
  2595 | D:4      | Reached skill level 5 in Axes
  2789 | D:4      | Noticed Natasha
  2801 | D:4      | Killed Natasha
  2802 | D:4      | Reached XP level 6. HP: 12/47 MP: 6/6
  2888 | D:4      | Noticed Blork the orc
  2898 | D:4      | Killed Blork the orc
  3247 | D:5      | Entered Level 5 of the Dungeon
  3475 | D:4      | Reached skill level 6 in Axes
  3508 | D:5      | Reached XP level 7. HP: 38/54 MP: 7/7
  3638 | D:5      | Found an iron altar of Okawaru.
  3968 | D:5      | Reached skill level 7 in Axes
  4103 | D:6      | Found a stormy altar of Qazlal.
  4118 | D:6      | Reached skill level 5 in Fighting
  4124 | D:6      | Reached XP level 8. HP: 11/62 MP: 8/8
  4339 | D:6      | Reached skill level 8 in Axes
  4691 | D:6      | Found a sparkling altar of Nemelex Xobeh.
  4730 | D:6      | Reached skill level 9 in Axes
  4797 | D:6      | Noticed Sigmund
  4806 | D:6      | Killed Sigmund
  4807 | D:6      | Reached XP level 9. HP: 43/71 MP: 9/9
  4872 | D:6      | Found a broken altar of Ashenzari.
  4909 | D:7      | Found Fosch's Jewellery Shoppe.
  5050 | D:7      | Found Plog's Elemental Accessories.
  5051 | D:7      | Found Seohukk's Weapon Boutique.
  5099 | D:7      | Found Teunlabu's Book Shop.
  5178 | D:7      | Found Rugonakh's Armour Shoppe.
  5187 | D:7      | Slain by a wight

Illustrated notes

Levels and vault maps discovered:
D:1:      dpeg_arrival_oval, layout_loops_corners
D:2:      layout_loops_ring, ebering_dispersal_statue_hall,
          minmay_misc_feat_tower, minmay_stone_trees_small
D:3:      layout_loops_ring, chequers_serial_rivers_micro_b,
          nicolae_elevator_lobby_plus, uniq_ijyb
D:4:      layout_gridville, fedhas_altar_1, mainiacjoe_overflow_24_doors,
          uniq_blork_the_orc, uniq_natasha
D:5:      layout_basic, overflow_temple_1_default, minmay_strange_pillars
D:6:      layout_rooms, nicolae_qazlal_beasts_of_the_sky,
          cheibrodos_ashenzari_chains, nemelex_diamond_rough_becter,
          uniq_sigmund
D:7:      layout_cave_pools, mainiacjoe_overflow_catwalk,
          minmay_temple_entry_fiery, serial_shops, nicolae_shop_waterfront,
          shop, nicolae_stop_n_shop_2, kennysheep_mini, shop,
          nicolae_elemental_shop, kennysheep_generic_room_6,
          uniq_prince_ribbit1, uniq_joseph

Skill      XL: |  1  2  3  4  5  6  7  8 |
---------------+-------------------------+-----
Fighting       | 2 3 4 5 6 |  6.9
Axes           | 3 4 5 6 7 9 |  9.9
Throwing       | 2 |  2.0
Dodging        | |  3.2

Action                     |  1- 3 |  4- 6 |  7- 9 || total
---------------------------+-------+-------+-------++-------
  Melee: War axe           |    92 |   173 |   169 ||   434
         Bite              |     9 |    15 |    26 ||    50
         Punch             |       |     2 |     2 ||     4
  Throw: Javelin           |       |       |     1 ||     1
  Evoke: Wand              |       |       |     4 ||     4
    Use: Scroll            |     4 |     7 |     5 ||    16
         Potion            |       |       |     3 ||     3
 Armour: Leather armour    |    20 |       |       ||    20
         Chain mail        |    45 |   145 |   114 ||   304
         Skin              |       |       |    49 ||    49
         Plate armour      |       |       |    19 ||    19
  Dodge: Dodged            |    61 |   109 |   124 ||   294

Table legend: (Time is in decaauts)
 A = Elapsed time spent in this place.
 B = Non-inter-level travel time spent in this place.
 C = Inter-level travel time spent in this place.
 D = Time resting spent in this place.
 E = Time spent auto-exploring this place.
 F = Levels seen in this place.
 G = Mean time per level.
                   A        B        C        D        E       F      G
               +--------+--------+--------+--------+--------+-----+--------+
         Total |   5328 |   5195 |    133 |    257 |   3789 |   7 |  761.1 |
       Dungeon |   5328 |   5195 |    133 |    257 |   3789 |   7 |  761.1 |
               +--------+--------+--------+--------+--------+-----+--------+

Top non-repeatable levels by time:
     D:4: 995 daAuts
     D:1: 984 daAuts
     D:6: 965 daAuts
     D:5: 794 daAuts
     D:3: 722 daAuts
     D:2: 695 daAuts
     D:7: 171 daAuts
